[Event "*** SCC Grand Prix: Titled Tuesday Blitz"]
[Site "Chess.com"]
[Date "2020.10.06"]
[Round "8"]
[White "A-Fier"]
[Black "OhanyanEminChess"]
[Result "1-0"]
[WhiteElo "2776"]
[BlackElo "2586"]
[TimeControl "180+1"]
[EndTime "11:31:16 PDT"]
[Termination "A-Fier won by resignation"]

1. e4 e5 2. f4 d5 3. exd5 exf4 4. Nf3 Nf6 5. Nc3 Nxd5 6. Nxd5 Qxd5 7. d4 Bg4 8. Bxf4 Nc6 9. Bxc7 Bxf3 10. Qxf3 Qxf3 11. gxf3 Nxd4 12. O-O-O Bc5 13. c3 Nc6 14. Re1+ Kd7 15. Bf4 Bd6 16. Rd1 Rad8 17. Rxd6+ Kc8 18. Bh3+ 1-0

[Event "*** SCC Grand Prix: Titled Tuesday Blitz"]
[Site "Chess.com"]
[Date "2020.10.06"]
[Round "8"]
[White "DrMamaliga"]
[Black "blitzking1729"]
[Result "0-1"]
[WhiteElo "2364"]
[BlackElo "2562"]
[TimeControl "180+1"]
[EndTime "11:31:36 PDT"]
[Termination "blitzking1729 won by resignation"]

1. c4 d6 2. Nf3 e5 3. Nc3 f5 4. d4 e4 5. Ng5 Be7 6. Nh3 Nf6 7. e3 O-O 8. Nf4 c6 9. h4 Na6 10. a3 Nc7 11. d5 cxd5 12. Nfxd5 Ncxd5 13. Nxd5 Be6 14. Nf4 Bf7 15. b3 d5 16. cxd5 Nxd5 17. Nxd5 Qxd5 18. Qxd5 Bxd5 19. b4 Bf6 20. Rb1 Ba2 21.
Rb2 Bxb2 22. Bxb2 Rac8 23. Kd2 Bb3 24. Bc3 Rfd8+ 25. Bd4 Rc2+ 26. Ke1 Ra2 0-1

[Event "*** SCC Grand Prix: Titled Tuesday Blitz"]
[Site "Chess.com"]
[Date "2020.10.06"]
[Round "8"]
[White "26andrej26"]
[Black "KiranManisha"]
[Result "1-0"]
[WhiteElo "2546"]
[BlackElo "2377"]
[TimeControl "180+1"]
[EndTime "11:31:54 PDT"]
[Termination "26andrej26 won by resignation"]

1. e4 c5 2. Nf3 d6 3. d4 cxd4 4. Nxd4 Nf6 5. Nc3 Nc6 6. Bc4 e6 7. Bb3 a6 8. Be3 Qc7 9. O-O Be7 10. f4 O-O 11. f5 Nxd4 12. Bxd4 b5 13. a3 Qb7 14.
Qd3 Kh8 15. Rad1 Bd7 16. Kh1 Rac8 17. Be3 Rxc3 18. bxc3 Nxe4 19. fxe6 fxe6 20. Rxf8+ Bxf8 21. Rf1 Nf6 22. Bf4 Bc6 23. Qe2 e5 24. Bg5 Be7 25.
Kg1 Ne4 26. Bxe7 Qxe7 27. Qf3 h6 28. Qf8+ Qxf8 29. Rxf8+ Kh7 30. Rc8 Bd7 31. Rd8 Bf5 32.
Bd5 Nxc3 33. Rxd6 Bxc2 34. Rc6 Ne2+ 35. Kf2 Nd4 36. Rxc2 Nxc2 37. Be4+ Kg8 38. Bxc2 1-0

[Event "*** SCC Grand Prix: Titled Tuesday Blitz"]
[Site "Chess.com"]
[Date "2020.10.06"]
[Round "8"]
[White "TrimitziosP7"]
[Black "Carnivoras"]
[Result "1-0"]
[WhiteElo "2811"]
[BlackElo "2675"]
[TimeControl "180+1"]
[EndTime "11:32:05 PDT"]
[Termination "TrimitziosP7 won by resignation"]

1. e4 e5 2. Bc4 Nc6 3. f4 Nf6 4. Nc3 Bb4 5. Nf3 exf4 6. O-O O-O 7. d3 Bxc3 8. bxc3 d5 9. exd5 Nxd5 10. Bxd5 Qxd5 11. Bxf4 Qa5 12. c4 Bg4 13. h3 Bh5 14.
Rb1 Nd4 15. g4 Nxf3+ 16. Qxf3 Bg6 17. Rxb7 Qxa2 18. Qg2 a5 19. Be5 a4 20. Ra1 1-0

[Event "*** SCC Grand Prix: Titled Tuesday Blitz"]
[Site "Chess.com"]
[Date "2020.10.06"]
[Round "8"]
[White "Orest_Vovk"]
[Black "SophieNikoladze"]
[Result "1-0"]
[WhiteElo "2445"]
[BlackElo "2277"]
[TimeControl "180+1"]
[EndTime "11:32:06 PDT"]
[Termination "Orest_Vovk won by resignation"]

1. h4 d5 2. h5 e5 3. h6 g6 4. d4 e4 5. Bf4 Be6 6. e3 c5 7. c4 cxd4 8. Qxd4 Nc6 9. Qxh8 Bb4+ 10. Nc3 f6 11. Qxh7 Bf7 12. cxd5 Qxd5 13. Be2 O-O-O 14.
Rd1 Bxc3+ 15. bxc3 Qe6 16. Rxd8+ Nxd8 17. Nh3 Qxa2 18.
Bd1 Qc4 19. g4 Qxc3+ 20. Kf1 Qd3+ 21. Kg2 g5 22. Bg3 Nxh6 23. Qxh6 Ne6 24. Qxf6 Qd7 25. Nxg5 Nxg5 1-0

[Event "*** SCC Grand Prix: Titled Tuesday Blitz"]
[Site "Chess.com"]
[Date "2020.10.06"]
[Round "8"]
[White "Alindsay211"]
[Black "Reader777"]
[Result "0-1"]
[WhiteElo "2418"]
[BlackElo "2662"]
[TimeControl "180+1"]
[EndTime "11:32:19 PDT"]
[Termination "Reader777 won by resignation"]

1. e4 c5 2. Nf3 d6 3. d4 cxd4 4. Nxd4 Nf6 5. Nc3 a6 6. Be3 e5 7. Nb3 Be6 8. f3 Nbd7 9. Qd2 b5 10. O-O-O Nb6 11. Kb1 b4 12. Bxb6 Qxb6 13. Nd5 Bxd5 14.
exd5 Be7 15. Bc4 O-O 16. Rhe1 a5 17. Qe3 Qc7 18. Nd2 Nd7 19. f4 Bf6 20. Bd3 exf4 21.
Qxf4 a4 22. Ne4 Be5 23. Qf5 g6 24. Qf2 a3 25. b3 f5 26. Qd2 fxe4 0-1

[Event "*** SCC Grand Prix: Titled Tuesday Blitz"]
[Site "Chess.com"]
[Date "2020.10.06"]
[Round "8"]
[White "beto-betun"]
[Black "VladimirBugayev"]
[Result "1/2-1/2"]
[WhiteElo "2163"]
[BlackElo "2294"]
[TimeControl "180+1"]
[EndTime "11:32:20 PDT"]
[Termination "Game drawn by agreement"]

1. d4 d5 2. Nf3 c5 3. g3 Nf6 4.
Bg2 Nc6 5. O-O cxd4 6. Nxd4 e5 7.
Nxc6 bxc6 8. c4 Be6 9. Nc3 Be7 10.
Bg5 e4 11. f3 exf3 12. Bxf3 O-O 13. cxd5 Nxd5 14. Bxe7 Nxe7 15. Qxd8 Rfxd8 16. Rfd1 Rab8 17. b3 c5 18. Ne4 c4 19. Rxd8+ Rxd8 20. Nc5 cxb3 21.
Nxe6 b2 22. Rb1 fxe6 23. Rxb2 Rd7 24. Kf2 Nd5 25. Bxd5 exd5 26. Ke3 Kf7 27. Kd4 Ke6 28.
Rb5 1/2-1/2

[Event "*** SCC Grand Prix: Titled Tuesday Blitz"]
[Site "Chess.com"]
[Date "2020.10.06"]
[Round "8"]
[White "esapunov"]
[Black "Smirnov_Pavel"]
[Result "0-1"]
[WhiteElo "2649"]
[BlackElo "2804"]
[TimeControl "180+1"]
[EndTime "11:32:31 PDT"]
[Termination "Smirnov_Pavel won by resignation"]

1. c4 e6 2. Nf3 d5 3. d4 Nf6 4.
Nc3 c6 5. Bg5 h6 6. Bxf6 Qxf6 7.
e3 g6 8. Bd3 Bg7 9. O-O O-O 10. Rc1 Nd7 11. e4 dxc4 12. e5 Qe7 13. Bxc4 b6 14. Qe2 a6 15. h4 Bb7 16. Rfe1 b5 17.
Bb3 c5 18. dxc5 Bxf3 19. Qxf3 Qxh4 20. Ne4 Nxe5 21. Qg3 Qxg3 22. fxg3 Nd3 23. c6 Nxe1 24. Rxe1 Rac8 25. Rc1 Rc7 0-1

[Event "*** SCC Grand Prix: Titled Tuesday Blitz"]
[Site "Chess.com"]
[Date "2020.10.06"]
[Round "8"]
[White "markberk"]
[Black "FMKonstantin_Twitch"]
[Result "1/2-1/2"]
[WhiteElo "2399"]
[BlackElo "2538"]
[TimeControl "180+1"]
[EndTime "11:32:51 PDT"]
[Termination "Game drawn by agreement"]

1. Nf3 Nf6 2. g3 g6 3. Bg2 Bg7 4. O-O O-O 5. d4 d5 6. c4 dxc4 7. Na3 c3 8. bxc3 c5 9. Nc4 Nc6 10. Nfe5 Nd5 11. Nxc6 bxc6 12. Bd2 cxd4 13. cxd4 Bxd4 14.
Rc1 Ba6 15. Qa4 Bb5 16. Qa3 Rb8 17. Rfd1 Bxc4 18. Rxc4 Bb2 19. Qd3 Nb6 20. Rxc6 Qxd3 21. exd3 Rfd8 22. Bf4 Rbc8 23. Bc7 Rf8 24. d4 e6 25. Bxb6 Rxc6 26. Bxc6 axb6 27. d5 exd5 28. Rxd5 Rc8 29. Bb5 Rc1+ 30. Kg2 Ba3 31. Rd2 Bc5 32.
Ba4 Rb1 33. Bb3 1/2-1/2

[Event "*** SCC Grand Prix: Titled Tuesday Blitz"]
[Site "Chess.com"]
[Date "2020.10.06"]
[Round "8"]
[White "IANOV0007"]
[Black "icychess54"]
[Result "1-0"]
[WhiteElo "2430"]
[BlackElo "2263"]
[TimeControl "180+1"]
[EndTime "11:32:59 PDT"]
[Termination "IANOV0007 won by checkmate"]

1. Nf3 d5 2. g3 Nf6 3. Bg2 c5 4. O-O Nc6 5. d4 Bf5 6. dxc5 e6 7. c4 Bxc5 8. cxd5 Nxd5 9. Nbd2 O-O 10. e4 Ne3 11. fxe3 Bxe3+ 12. Kh1 Bg4 13. Qe1 Qd3 14. Nb3 Bb6 15. Bf4 Rfd8 16. Ne5 Nxe5 17. Bxe5 a5 18. Qc3 a4 19. Nc1 Qd1 20. Bxg7 Rac8 21. Qf6 Rd2 22. Qxf7# 1-0

[Event "*** SCC Grand Prix: Titled Tuesday Blitz"]
[Site "Chess.com"]
[Date "2020.10.06"]
[Round "8"]
[White "MoreChessJulia"]
[Black "Viaje"]
[Result "0-1"]
[WhiteElo "1980"]
[BlackElo "2388"]
[TimeControl "180+1"]
[EndTime "11:32:59 PDT"]
[Termination "Viaje won by resignation"]

1. d4 Nf6 2. Bg5 c6 3. Nd2 d5 4.
f4 Bf5 5. e3 h6 6. Bh4 Nbd7 7.
Ngf3 e6 8. Bd3 Be7 9. O-O Ne4 10. Bxe7 Qxe7 11. Ne5 Nxe5 12. fxe5 Nxd2 13. Qxd2 Bxd3 14. cxd3 O-O 15. Rf3 f5 16. exf6 Rxf6 17. Raf1 Raf8 18. e4 Rxf3 19. Rxf3 Rxf3 20. gxf3 Qf6 21. Qe3 Kf7 22. f4 Qh4 23. Qg3 Qh5 24. f5 exf5 25. Qc7+ Kg6 26. Qxb7 Qd1+ 27. Kg2 Qc2+ 28. Kg1 fxe4 29. dxe4 dxe4 30. Qe7 Qc1+ 31. Kg2 Qxb2+ 32. Kh3 Qxd4 33. Qe6+ Qf6 34. Qg4+ Kf7 35. Qxe4 Qe6+ 0-1

[Event "*** SCC Grand Prix: Titled Tuesday Blitz"]
[Site "Chess.com"]
[Date "2020.10.06"]
[Round "8"]
[White "draksbg"]
[Black "ljuks68"]
[Result "0-1"]
[WhiteElo "2550"]
[BlackElo "2340"]
[TimeControl "180+1"]
[EndTime "11:33:05 PDT"]
[Termination "ljuks68 won by resignation"]

1. e4 e6 2. d3 d5 3. Qe2 Be7 4. Nf3 Nf6 5. g3 O-O 6. Bg2 c5 7. O-O Nc6 8. c3 b5 9. e5 Nd7 10. h4 b4 11. Re1 Ba6 12. Nbd2 bxc3 13. bxc3 Qa5 14. c4 Nb6 15. cxd5 Nxd5 16. Nc4 Qc7 17. Bg5 Rfd8 18. Rad1 Rab8 19. h5 Nc3 20. Qe3 Nxd1 21. Rxd1 Bxc4 22. h6 g6 23. Bxe7 Qxe7 24. Ng5 Nb4 25. Ne4 Rxd3 26. Rxd3 Nxd3 27. Nf6+ Kh8 0-1

[Event "*** SCC Grand Prix: Titled Tuesday Blitz"]
[Site "Chess.com"]
[Date "2020.10.06"]
[Round "8"]
[White "kirillgenius"]
[Black "karwowskikacper"]
[Result "0-1"]
[WhiteElo "2338"]
[BlackElo "2476"]
[TimeControl "180+1"]
[EndTime "11:33:18 PDT"]
[Termination "karwowskikacper won on time"]

1. e4 c5 2. Nf3 Nc6 3. Nc3 e6 4. d4 cxd4 5. Nxd4 a6 6. g3 Qc7 7.
Bg2 Nf6 8. O-O Be7 9. a4 O-O 10.
Kh1 Rd8 11. f4 d5 12. e5 Ne4 13. Nxe4 dxe4 14. Be3 Bc5 15. c3 Qb6 16. a5 Qxb2 17. Nxc6 Rxd1 18. Raxd1 Bd7 19. Rxd7 Bxe3 20. Rfd1 g6 21.
Rd8+ Rxd8 22. Rxd8+ Kg7 0-1

[Event "*** SCC Grand Prix: Titled Tuesday Blitz"]
[Site "Chess.com"]
[Date "2020.10.06"]
[Round "8"]
[White "AsaHoffmann"]
[Black "tlomigtlis"]
[Result "0-1"]
[WhiteElo "2335"]
[BlackElo "2490"]
[TimeControl "180+1"]
[EndTime "11:33:21 PDT"]
[Termination "tlomigtlis won by checkmate"]

1. d4 d5 2. Bg5 c5 3. dxc5 h6 4.
Bh4 g5 5. Bg3 Bg7 6. c3 Nf6 7.
Nd2 O-O 8. e3 Nbd7 9. Nb3 a5 10.
a4 Ne4 11. Qxd5 Ndxc5 12. Qxd8 Rxd8 13. Nxc5 Nxc5 14. Nf3 g4 15. Nd4 e5 16. Nb5 Nb3 17. Rd1 Rxd1+ 18. Kxd1 Bf5 19. f3 Rd8+ 20. Ke1 gxf3 21.
gxf3 e4 22. Nd6 Bg6 23. fxe4 Nc5 24. Bg2 Nxa4 25. Kf2 Nxb2 26. e5 Nd3+ 27. Ke2 Nxe5 28. Nxb7 Bh5+ 29. Kf2 Rd2+ 30. Kg1 Rd1+ 31. Kf2 Nd3# 0-1

[Event "*** SCC Grand Prix: Titled Tuesday Blitz"]
[Site "Chess.com"]
[Date "2020.10.06"]
[Round "8"]
[White "FramboiseDePrintemps"]
[Black "norwaytoadog"]
[Result "1-0"]
[WhiteElo "2663"]
[BlackElo "2312"]
[TimeControl "180+1"]
[EndTime "11:33:23 PDT"]
[Termination "FramboiseDePrintemps won by resignation"]

1. d4 d5 2. c4 c6 3. Nf3 Nf6 4. Nc3 e6 5. Bg5 Nbd7 6. e3 Qa5 7. Nd2 Bb4 8. Qc2 dxc4 9. Bxf6 Nxf6 10. Nxc4 Qc7 11. Bd3 O-O 12. O-O Bd7 13. Ne5 c5 14. Ne4 Nxe4 15. Bxe4 f5 16. Bd3 Rac8 17. a3 Ba5 18.
Rac1 Rfd8 19. Bxf5 g6 20. Bxg6 Be8 21. Bxe8 Rxe8 22. Qe4 Qe7 23. dxc5 Rxc5 24. Rxc5 Qxc5 25. Qg4+ Kf8 26. Nd7+ 1-0

[Event "*** SCC Grand Prix: Titled Tuesday Blitz"]
[Site "Chess.com"]
[Date "2020.10.06"]
[Round "8"]
[White "FMalexhdez"]
[Black "Ladislav1969"]
[Result "0-1"]
[WhiteElo "2259"]
[BlackElo "2359"]
[TimeControl "180+1"]
[EndTime "11:33:29 PDT"]
[Termination "Ladislav1969 won by resignation"]

1. e4 c5 2. Nf3 e6 3. d4 cxd4 4.
Nxd4 a6 5. c4 Nf6 6. Nc3 Bb4 7.
Qd3 Nc6 8. Nc2 d5 9. exd5 exd5 10. Be2 d4 11. a3 Bxc3+ 12. bxc3 dxc3 13. Qxc3 O-O 14.
Bb2 Re8 15. Ne3 Qa5 16. O-O Qxc3 17. Bxc3 Ne4 18. Bb2 Be6 19. Rfd1 Rad8 20. Nd5 Na5 21. Bf3 Ng5 22. Ne7+ Kf8 23. Rxd8 Rxd8 24. Nd5 Nxf3+ 25. gxf3 Nxc4 0-1

[Event "*** SCC Grand Prix: Titled Tuesday Blitz"]
[Site "Chess.com"]
[Date "2020.10.06"]
[Round "8"]
[White "DenisQ"]
[Black "Rakesh"]
[Result "1-0"]
[WhiteElo "2676"]
[BlackElo "2504"]
[TimeControl "180+1"]
[EndTime "11:33:31 PDT"]
[Termination "DenisQ won by resignation"]

1. Nf3 Nf6 2. c4 d6 3. Nc3 e5 4.
g3 Nc6 5. Bg2 Be6 6. d4 exd4 7.
Nxd4 Nxd4 8. Qxd4 c6 9. O-O Qc7 10. Bf4 Be7 11. c5 O-O-O 12. cxd6 Bxd6 13. Bxd6 Rxd6 14. Qxa7 Qb8 15. Qc5 Rhd8 16. Rac1 b6 17. Qg5 c5 18. Qxg7 Ng4 19. h3 h5 20. hxg4 hxg4 21. Rfd1 Qc7 22. Rxd6 Qxd6 23. Rd1 Qe7 24. Rxd8+ Qxd8 25. Qe5 Qd2 26. Nd5 Qc1+ 27. Kh2 Qh6+ 28. Kg1 Qc1+ 29. Bf1 Bxd5 30. Qxd5 Qxb2 31. Qxf7 Qxa2 32. Qxa2 1-0

[Event "*** SCC Grand Prix: Titled Tuesday Blitz"]
[Site "Chess.com"]
[Date "2020.10.06"]
[Round "8"]
[White "lacafi"]
[Black "kidagent"]
[Result "0-1"]
[WhiteElo "2106"]
[BlackElo "2285"]
[TimeControl "180+1"]
[EndTime "11:33:31 PDT"]
[Termination "kidagent won by resignation"]

1. d4 d5 2. Nf3 Nf6 3. e3 c5 4. c3 cxd4 5. exd4 Nc6 6. Bd3 Bg4 7. Nbd2 e6 8. O-O Bd6 9. Re1 O-O 10. Qb3 b6 11. Qa4 Ne7 12. Ne5 Bf5 13. Bf1 h6 14. h3 Qc7 15. g4 Bh7 16. f3 a6 17. Qb3 b5 18. Bg2 Nd7 19. f4 f6 20.
Nxd7 Qxd7 21. Nf1 Rae8 22. Nh2 Kh8 23. Nf3 Ng6 24. g5 Bxf4 25. gxh6 gxh6 26. Qc2 Rg8 27. Qf2 Bxc1 28. Raxc1 Nf4 29. Nh4 Nxh3+ 0-1

[Event "*** SCC Grand Prix: Titled Tuesday Blitz"]
[Site "Chess.com"]
[Date "2020.10.06"]
[Round "8"]
[White "thisjuan"]
[Black "GustavoJuarezF"]
[Result "0-1"]
[WhiteElo "2192"]
[BlackElo "2038"]
[TimeControl "180+1"]
[EndTime "11:33:35 PDT"]
[Termination "GustavoJuarezF won on time"]

1. c4 e5 2. g3 Nc6 3. Nc3 g6 4. Nf3 Bg7 5. d4 exd4 6. Nd5 h6 7. Bg2 Nge7 8. O-O d6 9. Nxe7 Qxe7 10. e3 dxe3 11. Bxe3 O-O 12. Qd2 Kh7 13. Rfe1 Ne5 14. Nxe5 Qxe5 15. b3 c6 16. Rad1 Bg4 17. f3 Bf5 18.
Qxd6 Qxd6 19. Rxd6 Rfe8 0-1

[Event "*** SCC Grand Prix: Titled Tuesday Blitz"]
[Site "Chess.com"]
[Date "2020.10.06"]
[Round "8"]
[White "northridgehawk"]
[Black "PawnEatingZombie"]
[Result "1-0"]
[WhiteElo "2306"]
[BlackElo "2190"]
[TimeControl "180+1"]
[EndTime "11:33:36 PDT"]
[Termination "northridgehawk won by resignation"]

1. e4 c6 2. d4 d5 3. exd5 cxd5 4.
Bd3 Nc6 5. Ne2 Bg4 6. Nbc3 e6 7. f3 Bh5 8. Nf4 Bg6 9. Nxg6 hxg6 10. Be3 Nf6 11.
Qe2 Bd6 12. h4 Nh5 13. Bf2 Nf4 14. Qf1 Nb4 15. Bb5+ Kf8 16. O-O-O a6 17. Ba4 b5 18.
Bb3 Qb6 19. g3 Nh5 20. f4 Nf6 21. Qe2 Rb8 22. Kb1 a5 23. a3 Nc6 24. g4 a4 25.
Ba2 b4 26. Nxa4 Qa5 27. Bb3 bxa3 28. f5 Ne4 29. fxe6 Qxa4 30. Bxa4 Nc3+ 31. Kc1 axb2+ 32. Kd2 Nxe2 33. Bxc6 b1=Q 34. Rxb1 Rxb1 35. Rxb1 1-0

[Event "*** SCC Grand Prix: Titled Tuesday Blitz"]
[Site "Chess.com"]
[Date "2020.10.06"]
[Round "8"]
[White "Gabix_94"]
[Black "chessdjw"]
[Result "1-0"]
[WhiteElo "2798"]
[BlackElo "2639"]
[TimeControl "180+1"]
[EndTime "11:33:39 PDT"]
[Termination "Gabix_94 won by resignation"]

1. Nf3 c5 2. e4 d6 3. d4 cxd4 4. Nxd4 Nf6 5. Nc3 a6 6. Qd3 e6 7. Be2 Nbd7 8. g4 Nc5 9. Qe3 h6 10. Rg1 b5 11. a3 Bb7 12. f3 e5 13. Nf5 g6 14. Ng3 Rc8 15. Bd2 Bg7 16. O-O-O O-O 17.
Kb1 d5 18. exd5 Nxd5 19. Nxd5 Qxd5 20. Nf5 gxf5 21. gxf5 Rc6 22. Bc1 Qxd1 23. Bxd1 Rfc8 24. Rxg7+ Kxg7 25. Qxe5+ Kg8 26. f6 Nd7 27. Qg3+ Kf8 28. Bxh6+ Ke8 29. Qg8+ 1-0

[Event "*** SCC Grand Prix: Titled Tuesday Blitz"]
[Site "Chess.com"]
[Date "2020.10.06"]
[Round "8"]
[White "Ural_bogatyr"]
[Black "Zemerovv"]
[Result "1-0"]
[WhiteElo "2371"]
[BlackElo "2264"]
[TimeControl "180+1"]
[EndTime "11:33:43 PDT"]
[Termination "Ural_bogatyr won by resignation"]

1. e4 g6 2. d4 Bg7 3. Nc3 d6 4. h4 Nd7 5. h5 c5 6. Be3 cxd4 7. Bxd4 Ngf6 8. h6 Bf8 9. Nf3 e5 10. Be3 Be7 11. Bc4 O-O 12. Qd2 a6 13. O-O-O b5 14.
Bd5 b4 15. Bxa8 bxc3 16. Qxc3 d5 17. Bxd5 Nxd5 18. exd5 Bb7 19. Nxe5 Nxe5 20. Qxe5 Bf6 21. Qe4 Qd6 22. Bd4 Bg5+ 23. Kb1 Bxd5 24. Qg4 Qf4 25.
Qxf4 Bxf4 26. Bc5 Rd8 27. Rhe1 f5 28. f3 Bxh6 29. c4 Bd2 30. Rxd2 Be4+ 31. Kc1 Rc8 32. fxe4 Rxc5 33. exf5 gxf5 34. Rc2 Kf7 35. b4 Rc8 36. c5 Kf6 37. c6 Rc7 38. a4 1-0

[Event "*** SCC Grand Prix: Titled Tuesday Blitz"]
[Site "Chess.com"]
[Date "2020.10.06"]
[Round "8"]
[White "Playgood28"]
[Black "Shivagami"]
[Result "0-1"]
[WhiteElo "2292"]
[BlackElo "2222"]
[TimeControl "180+1"]
[EndTime "11:33:45 PDT"]
[Termination "Shivagami won by resignation"]

1. d4 Nf6 2. c4 c5 3. d5 e6 4. Nc3 exd5 5. cxd5 d6 6. e4 g6 7. f4 a6 8. a4 Bg7 9. Nf3 O-O 10. Bd3 Nbd7 11.
O-O Ne8 12. Bc4 Nc7 13. e5 dxe5 14. d6 Ne6 15. fxe5 Nxe5 16. Nxe5 Bxe5 17. Nd5 Qh4 18. Ne7+ Kh8 19. Bxe6 Bxh2+ 20. Kh1 Bxe6 21. Rf3 Bg3+ 22. Kg1 Qh2+ 23. Kf1 Bc4+ 24. Rd3 Qh1+ 25. Ke2 Qxg2+ 26. Ke3 Qf2+ 27. Ke4 f5+ 0-1

[Event "*** SCC Grand Prix: Titled Tuesday Blitz"]
[Site "Chess.com"]
[Date "2020.10.06"]
[Round "8"]
[White "frederiksvane"]
[Black "crescentmoon2411"]
[Result "1-0"]
[WhiteElo "2685"]
[BlackElo "2789"]
[TimeControl "180+1"]
[EndTime "11:33:47 PDT"]
[Termination "frederiksvane won on time"]

1. e4 e6 2. d4 d5 3. Nd2 c6 4. Ngf3 Nd7 5. Bd3 dxe4 6. Nxe4 Ngf6 7. c3 Nxe4 8. Bxe4 Bd6 9. O-O h6 10. Qe2 O-O 11. Re1 Re8 12. Be3 Qc7 13. Rad1 e5 14.
h3 Nf6 15. dxe5 Bxe5 16. Bb1 Bd7 17. Qd2 Rad8 18. Bxh6 gxh6 19. Qxh6 Bc8 20. Rxd8 Qxd8 21. Nxe5 Qd6 22. Bh7+ 1-0

[Event "*** SCC Grand Prix: Titled Tuesday Blitz"]
[Site "Chess.com"]
[Date "2020.10.06"]
[Round "8"]
[White "korkmaz16"]
[Black "Guenplen"]
[Result "0-1"]
[WhiteElo "2372"]
[BlackElo "2830"]
[TimeControl "180+1"]
[EndTime "11:33:50 PDT"]
[Termination "Guenplen won by resignation"]

1. e4 c5 2. Nc3 a6 3. f4 b5 4. Nf3 Bb7 5. d3 e6 6. g3 b4 7. Na4 Be7 8. Bg2 h5 9. h3 Bc6 10. c3 Qa5 11. b3 bxc3 12. Qc2 Bxa4 13. bxa4 Nc6 14. O-O Nf6 15. Be3 d5 16. Ne5 Nb4 17.
Qe2 d4 18. Nc4 Qxa4 19. Nb6 Qc2 20. Qxc2 Nxc2 21. Nxa8 O-O 22. Nc7 Nxe3 23. e5 Nfd5 24. Nxa6 Nxf1 25. Bxd5 exd5 26. Kxf1 c4 27. Ke2 Ba3 28.
dxc4 dxc4 29. f5 c2 30. e6 fxe6 31. fxe6 c1=Q 32. Rxc1 Bxc1 33. Nc7 Ba3 34. Nd5 0-1

[Event "*** SCC Grand Prix: Titled Tuesday Blitz"]
[Site "Chess.com"]
[Date "2020.10.06"]
[Round "8"]
[White "seorobert1971"]
[Black "AlexeiShirov"]
[Result "0-1"]
[WhiteElo "2704"]
[BlackElo "2842"]
[TimeControl "180+1"]
[EndTime "11:33:53 PDT"]
[Termination "AlexeiShirov won by resignation"]

1. c4 c6 2. d4 d5 3. Nf3 Nf6 4. e3 Bf5 5. Nc3 e6 6. Nh4 Be4 7. f3 Bg6 8. Qb3 Qc7 9. cxd5 cxd5 10. Bd2 Nc6 11. O-O-O Be7 12. Nxg6 hxg6 13. Bd3 O-O 14. h4 Nb4 15. Bb1 a5 16. Qa4 Nd7 17. a3 Nb6 18. Qb5 Nc4 19. h5 g5 20. h6 g6 21.
e4 Rfc8 22. h7+ Kh8 23. Rde1 Nc6 24. exd5 Nxd4 25. Qa4 b5 26. Qd1 b4 27. Bxg5 Bxg5+ 0-1

[Event "*** SCC Grand Prix: Titled Tuesday Blitz"]
[Site "Chess.com"]
[Date "2020.10.06"]
[Round "8"]
[White "WildTricks"]
[Black "rugbyclub"]
[Result "0-1"]
[WhiteElo "2417"]
[BlackElo "2195"]
[TimeControl "180+1"]
[EndTime "11:33:56 PDT"]
[Termination "rugbyclub won by resignation"]

1. e4 e5 2. Nf3 Nc6 3. d4 exd4 4.
Bc4 Bc5 5. c3 Nf6 6. e5 Ne4 7.
Bd5 f5 8. cxd4 Bb4+ 9. Kf1 d6 10.
Qa4 a5 11. a3 Bd7 12. Qd1 dxe5 13. axb4 Nxb4 14. Bc4 b5 15. Bb3 a4 16. Bc2 Nxc2 17. Qxc2 exd4 18. Nxd4 c5 19. Nf3 O-O 20. Nc3 b4 21.
Nxe4 fxe4 22. Qc4+ Kh8 23. Ng5 Bb5 0-1

[Event "*** SCC Grand Prix: Titled Tuesday Blitz"]
[Site "Chess.com"]
[Date "2020.10.06"]
[Round "8"]
[White "VitaliyBernadskiy"]
[Black "Fandorine"]
[Result "1-0"]
[WhiteElo "2755"]
[BlackElo "2860"]
[TimeControl "180+1"]
[EndTime "11:33:57 PDT"]
[Termination "VitaliyBernadskiy won by resignation"]

1. e4 g6 2. d4 Bg7 3. Nc3 d6 4. Be3 a6 5. h4 h5 6. Qd2 b5 7. Nh3 e6 8. Ng5 Bb7 9. f3 Nd7 10. g3 Ngf6 11. Bh3 Qe7 12. O-O-O Nb6 13. b3 d5 14. e5 Nfd7 15. Ne2 a5 16. Nf4 a4 17. Kb1 Nf8 18. Qc3 Bh6 19. Nd3 Nh7 20. Nxh7 Rxh7 21. Bxh6 Rxh6 22. Nc5 Bc8 23. Bf1 c6 24. Bd3 Kf8 25. f4 Kg7 26. Be2 Bd7 27. Nd3 Be8 28.
Qc5 Kf8 29. Qxb6 1-0

[Event "*** SCC Grand Prix: Titled Tuesday Blitz"]
[Site "Chess.com"]
[Date "2020.10.06"]
[Round "8"]
[White "Ranindu2003"]
[Black "LiamVrolijk"]
[Result "0-1"]
[WhiteElo "2613"]
[BlackElo "2830"]
[TimeControl "180+1"]
[EndTime "11:33:59 PDT"]
[Termination "LiamVrolijk won by resignation"]

1. e4 c5 2. Nf3 d6 3. d4 cxd4 4. Nxd4 Nf6 5. Nc3 Nc6 6. Bg5 e6 7. Qd2 a6 8. O-O-O Bd7 9. f4 Be7 10. Bxf6 Bxf6 11. Nxc6 Bxc6 12. Qxd6 Qxd6 13. Rxd6 Bxc3 14.
bxc3 Bxe4 15. Bd3 Ke7 16. Rb6 Bxg2 17. Rg1 Bf3 18. Rg3 Bd5 19. Rxg7 Rag8 20. Rxg8 Rxg8 21. Bxh7 Rh8 22. Bd3 Rxh2 23. f5 e5 24. f6+ Kd7 25. Bf5+ Kc7 26. Rb4 Rf2 27. Bd3 Rxf6 28. Rh4 Rf2 29. Rh5 Kd6 30. Rh6+ f6 31. Rh8 e4 32. Rd8+ Kc5 33. c4 Bc6 0-1

[Event "*** SCC Grand Prix: Titled Tuesday Blitz"]
[Site "Chess.com"]
[Date "2020.10.06"]
[Round "8"]
[White "Butterfly"]
[Black "m_ezat"]
[Result "0-1"]
[WhiteElo "2406"]
[BlackElo "2558"]
[TimeControl "180+1"]
[EndTime "11:34:02 PDT"]
[Termination "m_ezat won by resignation"]

1. d4 Nf6 2. Nf3 g6 3. Nbd2 d5 4. e3 Bg7 5. b4 O-O 6. Bd3 a5 7. b5 c5 8. bxc6 Nxc6 9. c4 Bg4 10. h3 Bxf3 11. Nxf3 e5 12. Nxe5 Nxe5 13. dxe5 Nd7 14. f4 dxc4 15. Bxc4 Qh4+ 16. Kf1 Nxe5 17. g3 Qxg3 18.
fxe5 Rac8 19. Ba3 Rxc4 20. Bxf8 Qxe3 21. Rh2 Bxf8 22. Kg2 Qe4+ 23. Kf1 Rc3 24. Rf2 Rxh3 0-1

[Event "*** SCC Grand Prix: Titled Tuesday Blitz"]
[Site "Chess.com"]
[Date "2020.10.06"]
[Round "8"]
[White "Roman_Ovetchkin"]
[Black "Omk124"]
[Result "0-1"]
[WhiteElo "2591"]
[BlackElo "2493"]
[TimeControl "180+1"]
[EndTime "11:34:17 PDT"]
[Termination "Omk124 won by resignation"]

1. d3 Nf6 2. Nf3 d5 3. g3 g6 4. Bg2 Bg7 5. O-O O-O 6. Nbd2 c5 7. e4 dxe4 8. dxe4 Nc6 9. c3 Qc7 10. Qe2 Rd8 11. h3 b6 12. Nc4 Ba6 13. Bf4 e5 14.
Bg5 h6 15. Bxf6 Bxf6 16. Rfd1 Na5 17. b3 Nxc4 18. bxc4 Qc6 19. h4 Qa4 20. Bf1 h5 21.
Rd5 Bb7 22. Rad1 Bxd5 23. cxd5 a6 24. Bh3 Ra7 25. d6 Qc6 26. d7 b5 27. Rd5 Raxd7 28.
Bxd7 Rxd7 29. Nxe5 Bxe5 30. Rxe5 c4 31. Qf3 Rd3 32.
Qf4 Kg7 33. Re7 Qf6 34. Ra7 Qxf4 35. gxf4 Rxc3 36. Rxa6 Rf3 37. Kg2 Rxf4 38. f3 Rf6 0-1